 Dungeon Crawl Stone Soup version 0.27-a0-661-gca034ae587 (webtiles) character file.

Game seed: 9150757485192669192

0 Riddle the Charlatan (level 1, -1/17 HPs)
             Began as a Gnoll Artificer on Mar 17, 2021.
             Slain by a rat (3 damage)
             ... on level 2 of the Dungeon.
             The game lasted 00:00:30 (290 turns).

Riddle the Charlatan (Gnoll Artificer)               Turns: 290, Time: 00:00:31

Health: -1/17      AC:  4    Str: 11    XL:     1   Next: 0%
Magic:  1/1        EV: 12    Int: 10    God:
Gold:   0          SH:  0    Dex: 12    Spells: 0/0 levels left

rFire    . . .     SeeInvis .   a - +0 club
rCold    . . .     Faith    .   (no shield)
rNeg     . . .     Spirit   .   b - +0 leather armour
rPois    .         Reflect  .   f - +0 helmet
rElec    .         Harm     .   (no cloak)
rCorr    .         Rampage  .   (no gloves)
Will     .....                  (no boots)
Stlth    ++........             (no amulet)
HPRegen  0.05/turn              (no ring)
MPRegen  0.07/turn              (no ring)

@: no status effects
A: fangs 1, strong nose, distributed training
a: no special abilities


You were on level 2 of the Dungeon.
You visited 1 branch of the dungeon, and saw 2 of its levels.

Inventory:

Hand Weapons
 a - a +0 club (weapon)
Armour
 b - a +0 leather armour (worn)
 f - a +0 helmet (worn)
Wands
 c - a wand of flame (15) (quivered)
 d - a wand of charming (15)
 e - a wand of random effects (15)


   Skills:
 + Level 2.3 Fighting
 + Level 0.0 Short Blades
 + Level 0.0 Long Blades
 + Level 0.0 Axes
 + Level 0.0 Maces & Flails
 + Level 0.0 Polearms
 + Level 0.0 Staves
 + Level 0.0 Slings
 + Level 0.0 Bows
 + Level 0.0 Crossbows
 + Level 0.0 Throwing
 + Level 4.4 Armour
 + Level 2.3 Dodging
 + Level 2.1 Stealth
 + Level 0.0 Shields
 + Level 0.0 Unarmed Combat
 + Level 0.0 Spellcasting
 + Level 0.0 Conjurations
 + Level 0.0 Hexes
 + Level 0.0 Summonings
 + Level 0.0 Necromancy
 + Level 0.0 Translocations
 + Level 0.0 Transmutations
 + Level 0.0 Fire Magic
 + Level 0.0 Ice Magic
 + Level 0.0 Air Magic
 + Level 0.0 Earth Magic
 + Level 0.0 Poison Magic
 + Level 0.0 Invocations
 + Level 6.4 Evocations


You couldn't memorise any spells.
You didn't know any spells.
Your spell library was empty.

Dungeon Overview and Level Annotations

Branches:
Dungeon (2/15)

Altars:


Innate Abilities, Weirdness & Mutations

You have very sharp teeth.
Your uncanny sense of smell can sniff out nearby items.
Your experience applies equally to all skills.


Message History

There is a stone staircase leading down here.
You climb downwards.
Found 6 gold pieces.
There is a stone staircase leading up here.
You start resting.
HP restored.
You climb upwards.
The hobgoblin closely misses you. The hobgoblin hits you with a +0 club.
There is a stone staircase leading down here.
The rat bites you. The hobgoblin barely misses you.
You climb downwards.
There is a stone staircase leading up here.
You hit the hobgoblin but do no damage. The rat bites you.
The hobgoblin closely misses you.
You hit the hobgoblin.
The hobgoblin is lightly wounded.
The rat misses you. The hobgoblin closely misses you.
The rat bites you but does no damage.
You barely miss the hobgoblin.
You bite the hobgoblin, but do no damage.
The hobgoblin is lightly wounded.
The hobgoblin hits you but does no damage.
The rat barely misses you. The hobgoblin hits you with a +0 club.
You hit the hobgoblin but do no damage. Your bite misses the hobgoblin.
The hobgoblin is lightly wounded.
The rat bites you but does no damage. The hobgoblin hits you with a +0 club.
* * * LOW HITPOINT WARNING * * *
You hit the hobgoblin.
The hobgoblin is almost dead.
The rat bites you but does no damage. The hobgoblin closely misses you.
The rat barely misses you.
You closely miss the hobgoblin.
The hobgoblin is almost dead.
The hobgoblin misses you. The rat closely misses you.
You barely miss the hobgoblin.
The hobgoblin is almost dead.
The hobgoblin hits you with a +0 club.
* * * LOW HITPOINT WARNING * * *
The rat bites you.
You die...

#..#... .#
.......
.###♣
...#...#.#..
.........
.......
#....###
##.r....##..
+..g@.......
∆
#.......####
#.#...### #
#...# ♣♣♣♣♣


You could see a hobgoblin and a rat.

Vanquished Creatures (others)
  2 plants (D:2)
2 creatures vanquished.

Notes
Turn   | Place    | Note
-------+----------+-------------------------------------------
     0 | D:1      | Riddle the Gnoll Artificer began the quest for the Orb.
     0 | D:1      | Reached XP level 1. HP: 17/17 MP: 1/1
   290 | D:2      | Slain by a rat

Illustrated notes

Levels and vault maps discovered:
D:1:      dpeg_arrival_line_fractal, layout_basic, serial_forest,
          infiniplex_forest_end_1, infiniplex_forest_lined_4_way,
          infiniplex_forest_lined_corner, infiniplex_forest_end_3,
          infiniplex_forest_clump_diagonal, infiniplex_forest_corner_2,
          infiniplex_forest_clump_medium, infiniplex_forest_clump_tiny,
          infiniplex_forest_straight_4, infiniplex_forest_zigzag_1,
          serial_bayou_pond_b
D:2:      layout_basic, serial_forest, infiniplex_forest_straight_2,
          infiniplex_forest_straight_4, infiniplex_forest_clump_C,
          infiniplex_forest_end_1, infiniplex_forest_straight_2,
          infiniplex_forest_straight_5, uniq_robin

Action                   || total
-------------------------++-------
Melee: Club              ||    10
       Bite              ||     1
 Stab: Sleeping          ||     1
Armor: Leather armour    ||     5
Dodge: Dodged            ||    13

Table legend: (Time is in decaauts)
 A = Elapsed time spent in this place.
 B = Non-inter-level travel time spent in this place.
 C = Inter-level travel time spent in this place.
 D = Time resting spent in this place.
 E = Time spent auto-exploring this place.
 F = Levels seen in this place.
 G = Mean time per level.
                   A        B        C        D        E       F      G
               +--------+--------+--------+--------+--------+-----+--------+
         Total |    293 |    293 |      0 |    231 |     12 |   2 |  146.5 |
       Dungeon |    293 |    293 |      0 |    231 |     12 |   2 |  146.5 |
               +--------+--------+--------+--------+--------+-----+--------+

Top non-repeatable levels by time:
     D:2: 242 daAuts
     D:1: 51 daAuts
